Cogmind - Beta 17 @@@ ROGUE MODE // 2026.06.25 @ 21:38:37 Player: star Result: Destroyed by ZG-6OJ(j) with Overtuned Pulse Rifle Performance ------------- Evolutions (0) 0 Regions Visited (3) 600 Robots Destroyed (26) 130 Value Destroyed (701) 701 Prototype IDs (1) 20 Alien Tech Used (0) 0 Bonus (800) 800 TOTAL SCORE: 2251 Bonus ------- Registered with UFD 300 Met Optimus in HQ 500 Cogmind --------- Core Integrity 0/250 Matter 284/300 Energy 97/100 System Corruption 0% Temperature Danger (436) Movement Treading (140) Location -9/Scraptown Parts ------- > --- POWER (1) -------- (None) > --- PROPULSION (2) --- Overtuned Treads > --- UTILITY (2) ------ Scrap Suit > --- WEAPON (2) ------- Beamcaster > --- INVENTORY (5) ---- Subdweller Power Source Advanced Heat Sink Disposable Heat Sink Subdweller Laser Grenade Launcher Peak State ------------ > --- POWER ------------ Light Ion Engine > --- PROPULSION ------- Wheel Subdweller Monowheel > --- UTILITY ---------- High-capacity Storage Unit > --- WEAPON ----------- Subdweller Beam Cannon Voltaic Drivehammer > --- INVENTORY -------- Subdweller Power Source Subdweller Power Source Light Fission Core Advanced Heat Sink Disposable Heat Sink Large Matter Pod Makeshift Cloaking Device Subdweller Laser Light Assault Rifle Light Assault Rifle Subdweller Machine Gun Barrage Gun Grenade Launcher Grenade Launcher Subdweller Shrapnel Launcher CPS Tube CPS Tube [Rating: 21] Favorites ----------- Power Light Ion Engine Engine Light Ion Engine Propulsion Wheel Treads Overtuned Treads Wheel Wheel Utility High-capacity Storage Unit Device Scrap Suit Storage High-capacity Storage Unit Processor Targeting Computer Protection Makeshift Kinetic Plating Weapon Grenade Launcher Energy Gun Subdweller Laser Energy Cannon Subdweller Beam Cannon Ballistic Gun Assault Rifle Launcher Grenade Launcher Special Weapon Voltaic Drivehammer Build | -11 -10 -10 -9 ------- Run | Yrd Mat Sub Scr Slots Evolved . | . . . . Power . | . . . . Propulsion . | . . . . Utility . | . . . . Weapon . | . . . . Parts Attached 25 | 7 5 7 6 Power 2 | 2 . . . Engine 2 | 2 . . . Core . | . . . . Reactor . | . . . . Propulsion 4 | 2 . 1 1 Treads 1 | . . . 1 Leg . | . . . . Wheel 3 | 2 . 1 . Hover . | . . . . Flight . | . . . . Utility 5 | 1 2 1 1 Device 1 | . . . 1 Storage 2 | 1 1 . . Processor 1 | . 1 . . Hackware . | . . . . Protection 1 | . . 1 . Artifact . | . . . . Weapon 14 | 2 3 5 4 Energy Gun 2 | . . . 2 Energy Cannon 1 | . . 1 . Ballistic Gun 6 | 2 3 . 1 Ballistic Cannon . | . . . . Launcher 4 | . . 4 . Special Weapon 1 | . . . 1 Impact Weapon . | . . . . Slashing Weapon . | . . . . Piercing Weapon . | . . . . Special Melee Weapon . | . . . . Unidentified Prototypes 1 | . . . 1 Parts Lost 12 | . . 6 6 Power 2 | . . 1 1 Propulsion 3 | . . 1 2 Utility 1 | . . 1 . Weapon 6 | . . 3 3 Highest Loss Streak 4 | . . 3 4 To Critical Strikes . | . . . . Average Backups 14 | 1 7 16 16 Power 1 | . 1 1 2 Propulsion . | . 2 1 . Utility 2 | . . 2 4 Weapon 8 | . 4 11 8 Tool/Special . | . . . . Unused Backups 15 | . . 2 13 Power 3 | . . . 3 Propulsion 2 | . . 2 . Utility 4 | . . . 4 Weapon 4 | . . . 4 Tool/Special 2 | . . . 2 Average Slot Usage (%) 87 | . 96 89 82 Engine 12 | . 14 7 13 Wheel 26 | . 28 27 25 Storage 13 | . 14 14 12 Processor 3 | . 10 3 . Protection 2 | . . 7 . Ballistic Gun 7 | . 28 4 1 Launcher 18 | . . 22 24 Peak Build Rating 21 | 6 8 14 21 Average Rating 10 | 4 6 11 11 On Entrance 6 | . 6 8 10 Avg Prop Armor Cover (%) 4 | . . . 4 Naked Turns . | . . . . Heaviest Build 64 | 13 49 58 64 Greatest Support 30 | 20 20 30 30 Greatest Overweight (x) 6 | . 2 4 6 Average Overweight (x) 2 | . 1 1 3 Largest Inventory Capacity 20 | 8 20 20 20 Average Capacity 18 | 6 15 20 18 Most Carried 20 | 3 13 20 20 Average Carried 14 | 1 7 17 17 Final Capacity 20 | 8 20 20 5 Final Carried 18 | 3 13 18 5 Scrap Suit Usage (%) 1 | . . . 3 Parts Cannibalized 1 | . . . 1 Class Distribution -------------------- 98% | Mutant Dominant Class ---------------- Mutant | -10/Materials Mutant | -10/Subcaves Mutant | -9/Scraptown Resources | -11 -10 -10 -9 ----------- Run | Yrd Mat Sub Scr Matter Collected 1154 | 201 260 574 119 Remotely . | . . . . Salvage Created 710 | . 341 174 195 Parts 55 | . 31 13 11 Haulers Intercepted 2 | . 2 . . Recyclers Shooed . | . . . . Parts Field Recycled . | . . . . Retrieved Matter . | . . . . Parts Self-Destructed 4 | . . 4 . Prevented . | . . . . Parts Restored . | . . . . Kills | -11 -10 -10 -9 ------- Run | Yrd Mat Sub Scr Combat Hostiles Destroyed 23 | . 11 8 4 Guns 13 | . 11 . 2 Cannons 2 | . . . 2 AOE 8 | . . 8 . Classes Destroyed 9 | . 4 1 4 Hauler 2 | . 2 . . Watcher 1 | . 1 . . Swarmer 8 | . 8 . . Grunt 3 | . 3 . . Subdweller 8 | . . 8 . Federalist 1 | . . . 1 Ranger 1 | . . . 1 Guru 1 | . . . 1 Scrapper 1 | . . . 1 Best Kill Streak 3 | . 3 2 3 Combat Bots Only 3 | . 3 2 3 Max Kills in Single Turn 2 | . 1 2 1 Gunslinging . | . . . . Exploded 2 | . . 2 . Melee . | . . . . Uniques/NPCs Destroyed . | . . . . Combat | -11 -10 -10 -9 -------- Run | Yrd Mat Sub Scr Hostile Shots Fired 142 | . 53 32 57 Missed 41 | . 18 13 10 Hits 101 | . 35 19 47 Projectile 101 | . 35 19 47 Critical Strikes 2 | . 1 1 . Damage Taken 1473 | . 313 627 533 Core 250 | . 87 50 113 Absorbed by Shields . | . . . . Ignored by Resistances 5 | . . 5 . Regen/Repaired (Parts) 10 | . . . 10 Core Remaining (%) 100 | 100 . . . Volleys Fired 74 | . 35 20 19 Largest 2 | . 2 2 2 Hottest 140 | . 40 80 140 Shots Fired 144 | . 71 38 35 Gun 102 | . 71 8 23 Cannon 13 | . . 1 12 Launcher 29 | . . 29 . Special . | . . . . Kinetic 94 | . 71 8 15 Thermal 21 | . . 1 20 Explosive 29 | . . 29 . Electromagnetic . | . . . . Robot Hit Streak 9 | . 8 9 5 Robot Miss Streak 7 | . 5 2 7 Penetration Max . | . . . . Secondary Targets 1 | . 1 . . Max Gunslinging Chain 1 | . 1 . . Shots Hit Robots 69 | . 38 17 14 Core Hits 43 | . 20 18 5 Critical Kills . | . . . . Critical Parts Destroyed 1 | . . . 1 Critical Strikes 1 | . . . 1 Destroy 1 | . . . 1 Melee Attacks . | . . . . Impact . | . . . . Slashing . | . . . . Piercing . | . . . . Sneak Attacks . | . . . . Combat Hostiles . | . . . . Follow-up Attacks . | . . . . Damage Inflicted 1866 | . 445 1123 298 Guns 652 | . 445 82 125 Cannons 171 | . . . 171 Explosions 1041 | . . 1041 . Melee . | . . . . Ramming 2 | . . . 2 Kinetic 652 | . 445 82 125 Thermal 171 | . . . 171 Explosive 1041 | . . 1041 . Electromagnetic . | . . . . Impact . | . . . . Slashing . | . . . . Piercing . | . . . . Highest Corruption 3 | . 3 3 . Average Corruption 2 | . 2 3 . Corruption Purged . | . . . . Corruption Blocked . | . . . . Effects 31 | . 14 17 . Message Errors 8 | . 4 4 . Matter Fused 4 | . 2 2 . Heat Flow Errors 5 | . . 5 . Energy Discharges 3 | . 1 2 . Data Loss (minor) 2 | . 1 1 . Data Loss (major) 5 | . 2 3 . Misfires 2 | . 2 . . Alerts 1 | . 1 . . Weapon Failures 1 | . 1 . . Overload Shots . | . . . . Overflow Damage 4 | . . . 4 Projectiles 4 | . . . 4 Explosions . | . . . . Melee . | . . . . Knockbacks . | . . . . Impact . | . . . . Kinetic . | . . . . Secondary . | . . . . Self-Inflicted Damage 50 | . . 50 . Shots 2 | . . 2 . Rammed 1 | . . . 1 Targets Rammed 1 | . . . 1 Kicked . | . . . . Crushed . | . . . . Highest Temperature 501 | . 2 280 501 Average Temperature 173 | . 2 98 196 Received Heat Transfer 735 | . 48 399 288 Effects 5 | . . . 5 Shutdowns 1 | . . . 1 Damage (major) 4 | . . . 4 Siege Activations . | . . . . Martial Activations . | . . . . Shielding Activations . | . . . . Robots Disrupted . | . . . . Combat Hostiles . | . . . . Robots Corrupted . | . . . . Combat Hostiles . | . . . . Parts Fried . | . . . . Impact Corruptions . | . . . . Robots Melted . | . . . . Combat Hostiles . | . . . . Parts Melted 2 | . . 1 1 Heat Transferred 198 | . . . 198 Parts Sabotaged . | . . . . Parts Stolen . | . . . . Parts Stripped . | . . . . Power Chain Reactions . | . . . . Alert | -11 -10 -10 -9 ------- Run | Yrd Mat Sub Scr Maximum Alert Level . | . . . . Low Security (%) 100 | 100 100 . . Level 1 . | . . . . Level 2 . | . . . . Level 3 . | . . . . Level 4 . | . . . . Level 5 . | . . . . High Security . | . . . . Max Security . | . . . . Peak Influence 118 | . 118 . . Initial . | . . . . Average 65 | . 70 . . Influence Increases 332 | . 332 . . Destroy 0b10 Robot/C 220 | . 220 . . Destroy 0b10 Robot/NC 15 | . 15 . . Destroy Leader 46 | . 46 . . Successful Hack 6 | . 6 . . Lose Combat Pursuer 45 | . 45 . . Influence Decreases 332 | . 292 40 . Entered New Map 20 | . . 20 . Time Decay 312 | . 292 20 . Squads Dispatched 1 | . 1 . . Investigation . | . . . . Extermination . | . . . . Reinforcement 1 | . 1 . . Assault . | . . . . Garrison . | . . . . Intercept . | . . . . Searches Triggered . | . . . . Construction Impeded . | . . . . Haulers Reinforced . | . . . . Active Scanning Responses . | . . . . Cargo Convoy Interrupts . | . . . . Stealth | -11 -10 -10 -9 --------- Run | Yrd Mat Sub Scr Distress Signals 3 | . 3 . . Communications Jammed . | . . . . Distress Signals . | . . . . Times Spotted 50 | . 26 10 14 Peak Tracking Total 4 | . 4 2 4 Tactical Retreats 2 | . 2 . . Traps | -11 -10 -10 -9 ------- Run | Yrd Mat Sub Scr Traps Triggered 5 | . 2 3 . Indirectly . | . . . . Trap Hack Attempts . | . . . . Triggered . | . . . . Disarmed . | . . . . Reprogrammed . | . . . . Reused . | . . . . Traps Extracted . | . . . . Installed . | . . . . Triggered . | . . . . Machines | -11 -10 -10 -9 ---------- Run | Yrd Mat Sub Scr Machines Disabled 1 | . . . 1 Max in Single Turn 1 | . . . 1 Machines Repaired . | . . . . Machines Dismantled . | . . . . Machines Sabotaged . | . . . . Overloaded Fab Kills . | . . . . Hacking | -11 -10 -10 -9 --------- Run | Yrd Mat Sub Scr Machines Accessed 4 | . 1 1 2 Terminals 1 | . 1 . . Fabricators . | . . . . Repair Stations . | . . . . Recycling Units . | . . . . Scanalyzers . | . . . . Garrison Access . | . . . . Total Hacks 11 | . 3 4 4 Successful 10 | . 2 4 4 Failed 1 | . 1 . . Catastrophic . | . . . . Database Lockouts . | . . . . Manual 3 | . 3 . . Terminals 3 | . 3 . . Fabricators . | . . . . Repair Stations . | . . . . Recycling Units . | . . . . Scanalyzers . | . . . . Garrison Access . | . . . . Terminal Hacks 8 | . . 4 4 Record 8 | . . 4 4 Fabricator Hacks . | . . . . Repair Station Hacks . | . . . . Recycling Unit Hacks . | . . . . Scanalyzer . | . . . . Garrison Access Hacks . | . . . . Unauthorized Hacks 2 | . 2 . . Terminals 2 | . 2 . . Track 1 | . 1 . . Assimilate 1 | . 1 . . Fabricators . | . . . . Repair Stations . | . . . . Recycling Units . | . . . . Scanalyzers . | . . . . Garrison Access . | . . . . Data Cores Recovered . | . . . . Used . | . . . . Hacking Detections . | . . . . Full Trace Events . | . . . . Feedback Events . | . . . . Feedback Blocked . | . . . . Robot Schematics Acquired . | . . . . Robots Built . | . . . . Authchips . | . . . . Time . | . . . . Total Robot Build Rating . | . . . . Part Schematics Acquired . | . . . . Parts Built . | . . . . Authchips . | . . . . Time . | . . . . Total Part Build Rating . | . . . . Part Studies Acquired . | . . . . Parts Repaired . | . . . . Time . | . . . . Parts Recycled . | . . . . Recycled Matter . | . . . . Retrieved Matter . | . . . . Retrieved Components . | . . . . Parts Scanalyzed . | . . . . Part Schematics Acquired . | . . . . Parts Damaged . | . . . . Bothacking | -11 -10 -10 -9 ------------ Run | Yrd Mat Sub Scr Used RIF Installer . | . . . . Robots Hacked . | . . . . Non-combat . | . . . . Combat . | . . . . Robot Hacks Applied . | . . . . Relay Couplers Released . | . . . . Fabnet Peak Effective % . | . . . . Robots Rewired . | . . . . Allies Hacked . | . . . . Hacks Repelled . | . . . . Allies | -11 -10 -10 -9 -------- Run | Yrd Mat Sub Scr Total Allies 1 | . 1 . . Largest Group 1 | . 1 1 1 Highest-Rated Group 10 | . 10 10 10 Highest-Rated Ally 10 | . 10 10 10 Total Orders . | . . . . Ally Attacks . | . . . . Total Damage . | . . . . Kills . | . . . . Allies Corrupted . | . . . . Allies Melted 2 | . . . 2 Intel | -11 -10 -10 -9 ------- Run | Yrd Mat Sub Scr Active Infowar (turns) . | . . . . Robot Analysis Total . | . . . . Derelict Logs Recovered 6 | . . 1 5 Drone Launches . | . . . . Drone Recoveries . | . . . . Exploration | -11 -10 -10 -9 ------------- Run | Yrd Mat Sub Scr Turns Passed 3160 | 48 668 941 1503 Spaces Moved 2325 | 46 524 752 1003 Core 25 | 3 . . 22 Treads 13 | . . . 13 Legs . | . . . . Wheels 2287 | 43 524 752 968 Hover . | . . . . Flight . | . . . . Fastest Speed 50 | 50 80 107 107 Average Speed 119 | 78 96 107 141 Slowest Speed 250 | 80 110 140 250 Overloaded Moves . | . . . . Propulsion Burnouts . | . . . . Robots Hopped . | . . . . Potential Cave-ins . | . . . . Cave-ins Triggered . | . . . . Exploration Rate (%) 51 | 4 87 46 67 Regions Visited 3 Branch Regions 2 Pre-discovered Areas 5 | . . 2 3 Known Exits Taken . | . . . . Unknown Exits Taken 3 | 1 1 1 . Scrap Searched 7 | . . 5 2 Spaces Dug . | . . . . Terrain Destroyed 126 | . . 125 1 Melee . | . . . . Projectile 1 | . . . 1 AOE 125 | . . 125 . Terrain Rammed . | . . . . Walls Destroyed . | . . . . Machines Disabled . | . . . . Actions | -11 -10 -10 -9 --------- Run | Yrd Mat Sub Scr Total 2560 | 54 615 840 1051 Wait 94 | . 44 45 5 Move 2322 | 45 523 751 1003 Hop . | . . . . Pick Up 28 | 2 7 11 8 Fast Attach 11 | 6 1 1 3 Attach 4 | . . 4 . Detach . | . . . . Swap 14 | 1 4 5 4 Drop 12 | . 1 3 8 Fire 74 | . 35 20 19 Melee . | . . . . Ram . | . . . . Kick . | . . . . Crush 1 | . . . 1 Escape Stasis . | . . . . Rewire . | . . . . Trap . | . . . . Miscellaneous . | . . . . Route ------- -11/Scrapyard -10/Materials (discovered 5 exits: [*Mat x3] / [*Min] / *Sub) -10/Subcaves -9/Scraptown (discovered 1 exit: [*Fac]) History --------- Turn | Location | Event 8 | -11/Scrapyard | Discovered new exit (range 16) 49 | -11/Scrapyard | Entered Materials 201 | -10/Materials | Discovered new exit (range 6) 237 | -10/Materials | Discovered new exit (range 8) 272 | -10/Materials | Discovered new exit (range 10) 313 | -10/Materials | Build established: Mutant 428 | -10/Materials | Discovered new exit (range 6) 697 | -10/Materials | Discovered new exit (range 10) 717 | -10/Materials | Entered Subcaves 717 | -10/Subcaves | Accompanied by 1 ally 718 | -10/Subcaves | Approached by a straggling Scientist 723 | -10/Subcaves | Learned location of Zion (-6) 752 | -10/Subcaves | Visited Clippyterm 756 | -10/Subcaves | Learned location of Deep Caves (-6) 756 | -10/Subcaves | Learned 40 Factory zone layouts 797 | -10/Subcaves | Core integrity fell below 50% 829 | -10/Subcaves | Lost 3 parts (1p1n1w) 866 | -10/Subcaves | Shifting Twisted Machinery released Piercing Trap 1152 | -10/Subcaves | Shifting Twisted Machinery released Sub. Shrapnel Launcher 1158 | -10/Subcaves | Shifting Twisted Machinery released Sub. Power Source 1186 | -10/Subcaves | Disturbed a concealed Subdweller 1190 | -10/Subcaves | Ambushed by Subdweller buried in earth 1626 | -10/Subcaves | Scientist uncovered a shortcut to Scraptown 1658 | -10/Subcaves | Entered Scraptown 1658 | -9/Scraptown | Accompanied by 1 ally 1658 | -9/Scraptown | System corruption cleaned by C-Scrubber 1714 | -9/Scraptown | Heard Great Nut preacher, LISTEN AND RECITE! 1772 | -9/Scraptown | Learned location of Extension (-5) 1889 | -9/Scraptown | Visited CPS Storage 1959 | -9/Scraptown | Visited Comm Corps 2333 | -9/Scraptown | Visited UFD Registry 2333 | -9/Scraptown | Registered with UFD as "Thermoframe" 2353 | -9/Scraptown | Visited The Evicted 2454 | -9/Scraptown | Scanned Subdweller tech in exchange for log data 2456 | -9/Scraptown | Learned Research emergency access door positions 2458 | -9/Scraptown | Learned location of 1 exit from Research 2461 | -9/Scraptown | Learned location of Quarantine (-2) 2462 | -9/Scraptown | Learned 12 Factory zone layouts 2487 | -9/Scraptown | Discovered new exit (range 11) 2792 | -9/Scraptown | Met Optimus 2792 | -9/Scraptown | Accepted into 0bPrime 2874 | -9/Scraptown | Delivered Scrap Shield to a Scientist 2944 | -9/Scraptown | Visited Science Guys 2949 | -9/Scraptown | Civil war broke out across Scraptown 3001 | -9/Scraptown | Found Prototype Special Weapon 3001 | -9/Scraptown | Identified Voltaic Drivehammer 3033 | -9/Scraptown | Lost 14 allies 3092 | -9/Scraptown | Visited Scrap Suit Storage 3105 | -9/Scraptown | Found Scrap Suit 3130 | -9/Scraptown | Core integrity fell below 20% 3161 | -9/Scraptown | Destroyed by ZG-6OJ(j) with Overtuned Pulse Rifle Last Messages --------------- 03106_ Ovr. Treads recovered from malfunction. 03126_ 0X-AI5(g) suffers critical hit (Destroy). 03126_ Destroyed Aluminum Leg. 03126_ Sub. Beam Cannon destroyed. 03133_ Acquired Unknown Energy Gun. 03133_ Identified Beamcaster. 03142_ 0X-AI5(g) destroyed. 03143_ Scrap Suit cannibalized Ion Engine to repair Lgt. Ion Engine. 03148_ Barrage Gun destroyed. 03149_ Power failure, Lgt. Ion Engine shutdown. 03153_ Lgt. Ion Engine destroyed. 03156_ Slammed into 2T-CBB(g). 03157_ Acquired 29 matter. 03159_ Scrap Suit secures Salvaging Laser. 03160_ Overheating: Beamcaster damaged (-31). 03160_ Overheating: Salvaging Laser damaged (-11). 03160_ Overheating: Scrap Suit damaged (-200). 03160_ Overheating: Ovr. Treads damaged (-42). 03161_ Salvaging Laser destroyed. Map ----- +----------------------------------------------------+ | ????????????????????#%=#""""" X """#?????????????? | | ????????????????????#! #""" "" "#?????????????? | | ????????????????????# #" " ""#?????????????? | | ????????????????????# #""" """#?????????????? | | ????????????????????# #"""" ""#?????????????? | | ????????????????????# #"" &#?????????????? | | ????????????????????# #"" "" "&#?????????????? | | ????????????????????# #"" "" "&#?????????????? | | ????????????????????# # "#?????????????? | | ????????????????????# #" #?????????????? | | ??????????????# ????# ## ##########?????????????? | | ????????????### #####j|## ##?????????????????????? | | ??????????""""" """""g|"" "#????""""?????????????? | | ??????? j*!][ "#?? " " " ??????????? | | ??????? !*[! "#? ??????????? | | ??????? | "## % "?????????? | | ???????? "" != & ?????????? | | ????? = %%! =%! ?????????? | | """??????"""""""""""" !% ";" *[! "?????????? | | """"???????""""""""" "## """"""??????????? | | # ######????######""= #?##""""#?????????????? | | ##????????#""% "######""##??#?????????? | | X"#????????#""[ "## #"""""#" #?????????? | | " "" ##????????#" ![ "## !! !#?????????? | | "" X"#??????###" %![ "## #?????????? | | " ######### #""! @"## #?????????? | | "" [ !%%* g= X" #?????????? | | "" %= *=! ## ##"#?????????? | | " ######### # =%& ## !! !!#????????????? | | "" ""#??????##; "!=! "## #"""""#????????????? | | " "" ##???????#;""!=[=[=##########????????????? | | X"#???????## !![%!!"#????#????????????????? | | ##???????#; %%!=%="#???"""???????????????? | | # ################"==*=!%"#??""""""#????????????? | | """""""""""""""""""" [!==%!## ""#????????????? | | """""""""""""""""""" =!%[!=* ""#????????????? | | ![!!%=!["## ""#????????????? | | =!!=[!!%%#?? "#????????????? | | ![j=!/*"#??? ""#????????????? | | =%[ =j=%##???""""?????????????? | | =!!=%j%= #????##??????????????? | | """"" """"""""""" """"=! ##????????????????????? | | ##### ########### ###### #?????????????????????? | | ??? ??????? ???# #?????????????????????? | | ??" ?????# ??# #?????????????????????? | | ?#" " ???# ?# #?????????????????????? | | ?#"" """???# $ $ # #?????????????????????? | | ?# """???# ## # #?????????????????????? | | ?# " """???# #? # ############??????????? | | ?#""" "????#####??### #??????????? | +----------------------------------------------------+ Best States ------------- Heat Dissipation 25 Energy Generation 10 Energy Capacity 250 Matter Stores 300 Matter Capacity 300 Sight Range 16 Terrain Scan Density 10 Armor Coverage 100 Resistance: KI 10 Evasion (%) 44 Targeting Accuracy 5 Recoil Reduction 1 Item Schematics ----------------- None Robot Schematics ------------------ None Fabricated ------------ Nothing Repaired ---------- Nothing Studied --------- None Alien Tech Used ----------------- None Achievements -------------- None Challenges ------------ None Game ------ Seed HellfireScatterImpeller Manual? 0 Play Time 00:20:52 Cumulative 211.1 hours Start 2026.06.25 @ 20:40:29 End 2026.06.25 @ 21:38:37 Sessions 1 Manual Loads 0 Difficulty Rogue Special Mode None Game No. 353 Rogue 353 Adventurer 0 Explorer 0 Win Type - Total 2 Types 2/0/0/0/0/0/0/0/0/0 Lore% 62 Gallery% 60 Achievement% 47 Wizard Run 0 Options --------- Layout 2 ASCII 0 Keyboard 1 Movement Numpad Keybinds 0 Fullscreen 1 Font 20/SmallcapsGlow Map View 64x51 Zoom Use 0% Tactical HUD 1 Map Filters NONE Filters NONE Steam 1 RUN: de494108-9bc8-495b-9afc-04947ad3f73d